 Dungeon Crawl Stone Soup version 0.28-a0-957-g42eb19b844 (webtiles) character file.

Game seed: 2837522940761743663

719390 RepHenryClay the Imperceptible (level 27, -12/226 HPs)
             Began as a Gnoll Delver on Nov 27, 2021.
             Was the Champion of the Shining One.
             Killed from afar by Lom Lobon (44 damage)
             ... with a great icy blast
             ... in Pandemonium on Dec 1, 2021.
             The game lasted 03:34:02 (90860 turns).

RepHenryClay the Imperceptible (Gnoll Delver)      Turns: 90860, Time: 03:34:03

Health: -12/226    AC: 39    Str: 14    XL:     27
Magic:  4/46       EV: 28    Int: 18    God:    the Shining One [******]
Gold:   1243       SH: 25    Dex: 29    Spells: 31/65 levels left

rFire   + + .      SeeInvis .   a - +9 eudemon blade (holy)
rCold   + + .      Faith    .   n - +2 kite shield of Repulsion {Rampage}
rNeg    + + +      Spirit   .   A - +10 pearl dragon scales
rPois   +          Reflect  +   D - +2 helmet {Int+3}
rElec   +          Harm     .   T - +2 cloak {Will+}
rCorr   .          Rampage  +   I - +2 pair of gloves
Will    ++++.                   R - +1 pair of boots of the Wilderness {rF+ Regen+ Dex-3 Slay+4}
Stlth   ++++......              d - amulet of Tuluucw {Reflect rElec rC+ SH+5 Stlth+}
HPRegen 1.27/turn               i - ring "Gumobocufa" {rN+ Will+ Int+2 Dex+6}
MPRegen 0.30/turn               r - ring of Yricitey {rPois rF+ rC+ Dex+4}

@: about to teleport, corroded, glowing
A: fangs 1, strong nose, distributed training, sturdy frame 1, devolution 1
}: 5/15 runes: decaying, slimy, silver, abyssal, gossamer
a: Renounce Religion, Divine Shield, Cleansing Flame, Summon Divine Warrior,
Brand Weapon With Holy Wrath


You were in Pandemonium.
You worshipped the Shining One.
The Shining One was exalted by your worship.
You visited 12 branches of the dungeon, and saw 57 of its levels.
You visited Pandemonium 1 time, and saw 3 of its levels.
You visited the Abyss 8 times.
You also visited: Trove, Ossuary, Bailey, Ice Cave, Wizlab and Desolation.

You collected 39162 gold pieces.
You spent 17407 gold pieces at shops.
You paid 20512 gold pieces to Gozag.

Inventory:

Hand Weapons
 a - a +9 eudemon blade of holy wrath (weapon)
Missiles
 t - 12 silver javelins
 N - a throwing net
 Q - 2 javelins (quivered)
Armour
 n - the +2 kite shield of Repulsion (worn) {Rampage}
   (You acquired it in a wizard's laboratory)

   Rampage:   It bestows one free step when moving towards enemies.
 A - +10 pearl dragon scales (worn)
 C - a +2 cloak of preservation
 D - a +2 helmet of intelligence (worn)
 I - a +2 pair of gloves (worn)
 L - a scarf of resistance
 R - the +1 pair of boots of the Wilderness (worn) {rF+ Regen+ Dex-3 Slay+4}
   (You bought it in a shop on level 12 of the Dungeon)

   Dex:       It affects your dexterity (-3).
   Slay:      It affects your accuracy & damage with ranged weapons and melee
   (+4).
   rF:        It protects you from fire.
   Regen:     It increases your rate of health regeneration.
 T - a +2 cloak of willpower (worn)
Jewellery
 d - the amulet of Tuluucw (around neck) {Reflect rElec rC+ SH+5 Stlth+}
   (You found it in a treasure trove)

   [amulet of reflection]

   It reflects blocked missile attacks.
   rC:        It protects you from cold.
   rElec:     It insulates you from electricity.
   SH:        It affects your SH (+5).
   Stlth:     It makes you more stealthy.
 i - the ring "Gumobocufa" (left hand) {rN+ Will+ Int+2 Dex+6}
   (You found it on level 1 of the Depths)

   [ring of dexterity]

   Int:       It affects your intelligence (+2).
   Dex:       It affects your dexterity (+6).
   rN:        It protects you from negative energy.
   Will:      It increases your willpower.
 o - the ring of the Sparrow {rCorr SInv Stlth+}
   (You found it in a treasure trove)

   [ring of see invisible]

   SInv:      It lets you see invisible.
   rCorr:     It protects you from acid and corrosion.
   Stlth:     It makes you more stealthy.
 r - the ring of Yricitey (right hand) {rPois rF+ rC+ Dex+4}
   (You acquired it in an ossuary)

   [ring of protection from fire]

   Dex:       It affects your dexterity (+4).
   rF:        It protects you from fire.
   rC:        It protects you from cold.
   rPois:     It protects you from poison.
 s - the amulet "Kopesus" {Reflect Will+ SH+5}
   (You found it on level 5 of the Vaults)

   [amulet of reflection]

   It reflects blocked missile attacks.
   SH:        It affects your SH (+5).
   Will:      It increases your willpower.
 B - a ring of protection from fire
 V - the amulet of Teps {RegenMP rF++ Str+4 Dex+4}
   (You acquired it in a bailey)

   [amulet of magic regeneration]

   It increases your rate of magic regeneration.
   Str:       It affects your strength (+4).
   Dex:       It affects your dexterity (+4).
   rF:        It greatly protects you from fire.
 Z - the amulet of the Four Winds {rN+ Will+++ Clar}
   (You found it on level 3 of the Elven Halls)

   [amulet of nothing]

   rN:        It protects you from negative energy.
   Clar:      It protects you against confusion.
   Will:      It greatly increases your willpower.
Wands
 g - a wand of digging (15)
 u - a wand of mindburst (70)
 z - a wand of iceblast (75)
 K - a wand of charming (19)
 O - a wand of acid (22)
 Y - a wand of paralysis (46)
Scrolls
 b - 7 scrolls of immolation
 c - 7 scrolls of fog
 e - 10 scrolls of fear
 f - 27 scrolls of teleportation
 h - 5 scrolls of summoning
 k - 5 scrolls of holy word
 l - 8 scrolls of blinking
 q - 7 scrolls of enchant armour
 w - 7 scrolls of enchant weapon
 J - 11 scrolls of magic mapping
 P - 53 scrolls of identify {@r1}
 S - 6 scrolls of brand weapon
Potions
 m - 8 potions of ambrosia
 p - 15 potions of heal wounds
 v - 8 potions of resistance
 y - 2 potions of haste
 E - 9 potions of might
 G - 27 potions of curing
 H - 13 potions of mutation
 M - 4 potions of cancellation
 U - 11 potions of flight
 W - 6 potions of magic
Miscellaneous
 j - a phantom mirror
 x - a box of beasts
 F - a condenser vane
 X - a lightning rod (4/4)


   Skills:
 + Level 20.7 Fighting
 + Level 19.8 Short Blades
 + Level 20.3 Long Blades
 + Level 19.8 Axes
 + Level 19.8 Maces & Flails
 + Level 19.8 Polearms
 + Level 19.8 Staves
 + Level 19.8 Slings
 + Level 19.8 Bows
 + Level 19.8 Crossbows
 + Level 19.8 Throwing
 + Level 19.8 Armour
 + Level 20.3 Dodging
 + Level 21.6 Stealth
 + Level 19.8 Shields
 + Level 19.8 Unarmed Combat
 + Level 19.8 Spellcasting
 + Level 16.9 Conjurations
 + Level 16.9 Hexes
 + Level 16.9 Summonings
 + Level 16.9 Necromancy
 + Level 16.9 Translocations
 + Level 16.9 Transmutations
 + Level 16.9 Fire Magic
 + Level 16.9 Ice Magic
 + Level 16.9 Air Magic
 + Level 16.9 Earth Magic
 + Level 16.9 Poison Magic
 + Level 21.4 Invocations
 + Level 19.8 Evocations


You had 31 spell levels left.
You knew the following spells:

 Your Spells              Type           Power      Damage    Failure   Level
a - Olgreb's Toxic Radia  Pois           68%        N/A       1%          4
b - Ignite Poison         Fire/Tmut/Pois 68%        N/A       0%          3
c - Freezing Cloud        Conj/Ice/Air   34%        6-21      1%          5
d - Iskenderun's Mystic   Conj/Tloc      68%        2d14      1%          4
e - Borgnjor's Vile Clut  Necr/Erth      34%        N/A       1%          5
f - Lesser Beckoning      Tloc           68%        N/A       0%          3
g - Manifold Assault      Tloc           68%        N/A       1%          5
h - Portal Projectile     Hex/Tloc       100%       N/A       0%          3
Q - Blink                 Tloc           100%       N/A       0%          2

Your spell library contained the following spells:

 Spells                   Type           Power      Damage    Failure   Level
 Foxfire                  Conj/Fire      100%       2x1d9     0%          1
 Magic Dart               Conj           100%       1d8       0%          1
 Pain                     Necr           100%       1d9       0%          1
 Shock                    Conj/Air       100%       1d9       0%          1
 Slow                     Hex            100%       N/A       0%          1
 Summon Small Mammal      Summ           100%       N/A       0%          1
 Corpse Rot               Necr/Air       100%       N/A       0%          2
 Ensorcelled Hibernation  Hex/Ice        100%       N/A       0%          2
 Passwall                 Tmut/Erth      56%        N/A       0%          2
 Poisonous Vapours        Pois/Air       100%       N/A       0%          2
 Searing Ray              Conj           100%       2d8       0%          2
 Sublimation of Blood     Necr           68%        N/A       0%          2
 Wereblood                Tmut           68%        N/A       0%          2
 Call Canine Familiar     Summ           68%        N/A       0%          3
 Confusing Touch          Hex            68%        N/A       0%          3
 Conjure Flame            Conj/Fire      68%        6-21      0%          3
 Dazzling Flash           Conj/Hex       100%       N/A       0%          3
 Gell's Gravitas          Tloc           68%        N/A       0%          3
 Inner Flame              Hex/Fire       68%        N/A       0%          3
 Spider Form              Tmut/Pois      68%        N/A       0%          3
 Stone Arrow              Conj/Erth      100%       3d13      0%          3
 Summon Guardian Golem    Hex/Summ       68%        N/A       0%          3
 Swiftness                Air            68%        N/A       0%          3
 Teleport Other           Tloc           68%        N/A       0%          3
 Vampiric Draining        Necr           68%        2d10      0%          3
 Airstrike                Air            34%        N/A       1%          4
 Animate Armour           Summ/Erth      100%       N/A       1%          4
 Animate Dead             Necr           34%        N/A       1%          4
 Cause Fear               Hex            34%        N/A       1%          4
 Dispel Undead            Necr           68%        3d23      1%          4
 Flame Wave               Conj/Fire      68%        2d10      1%          4
 Fulminant Prism          Conj/Hex       34%        3d16      1%          4
 Leda's Liquefaction      Hex/Erth       34%        N/A       1%          4
 Sticky Flame             Conj/Fire      68%        2d8       1%          4
 Agony                    Necr           68%        N/A       1%          5
 Alistair's Intoxication  Tmut/Pois      45%        N/A       1%          5
 Excruciating Wounds      Necr           34%        N/A       1%          5
 Fireball                 Conj/Fire      34%        3d14      1%          5
 Silence                  Hex/Air        34%        N/A       1%          5
 Summon Forest            Summ/Tloc      34%        N/A       1%          5
 Summon Mana Viper        Hex/Summ       68%        N/A       1%          5
 Yara's Violent Unravell  Hex/Tmut       34%        3d14      1%          5
 Death Channel            Necr           34%        N/A       1%          6
 Dispersal                Tloc           34%        N/A       1%          6
 Simulacrum               Ice/Necr       34%        N/A       1%          6
 Starburst                Conj/Fire      34%        6d10      1%          6
 Summon Cactus Giant      Summ           34%        N/A       1%          6
 Dragon Form              Tmut           34%        N/A       4%          7
 Malign Gateway           Summ/Tloc      34%        N/A       4%          7
 Orb of Destruction       Conj           34%        9d12      4%          7
 Ozocubu's Refrigeration  Ice            34%        4d11      4%          7
 Spellforged Servitor     Conj/Summ      34%        N/A       4%          7
 Storm Form               Tmut/Air       34%        N/A       4%          7
 Summon Hydra             Summ           34%        N/A       4%          7
 Borgnjor's Revivificati  Necr           34%        N/A       34%         8
 Discord                  Hex            34%        N/A       34%         8
 Disjunction              Tloc           34%        N/A       34%         8
 Ignition                 Fire           34%        3d10      34%         8
 Lehudib's Crystal Spear  Conj/Erth      34%        10d9      34%         8
 Necromutation            Tmut/Necr      34%        N/A       34%         8
 Summon Horrible Things   Summ           34%        N/A       34%         8
 Chain Lightning          Conj/Air       34%        3d45      99%         9
 Death's Door             Necr           34%        N/A       99%         9
 Dragon's Call            Summ           34%        N/A       99%         9
 Polar Vortex             Ice            34%        N/A       99%         9


Dungeon Overview and Level Annotations

Branches:
Dungeon (15/15)            Temple (1/1) D:5            Lair (6/6) D:8
  Swamp (4/4) Lair:4       Spider (4/4) Lair:4        Slime (5/5) Lair:5
    Orc (2/2) D:12            Elf (3/3) Orc:2        Vaults (5/5) D:14
  Crypt (3/3) Vaults:3       Tomb (0/3) Crypt:3      Depths (4/4) D:15
    Zot (5/5) Depths:4    Ossuary (visited)          Bailey (visited)
  IceCv (visited)          WizLab (visited)         Desolation (visited)

Altars:
Ashenzari
Cheibriados
Dithmenos
Elyvilon
Fedhas
Gozag
Hepliaklqana
Kikubaaqudgha
Makhleb
Nemelex Xobeh
Okawaru
Qazlal
Ru
Sif Muna
Trog
Uskayaw
Vehumet
Wu Jian
Xom
Yredelemnul
Zin
The Shining One
Beogh
Jiyva
Lugonu

Shops:
D:10 ?[[*(   D:11 ?   D:12 *   D:15 *[[?   Orc:2 [!?(=   Elf:3 ?:(
Vaults:4 =([[*   Vaults:5 (?!?!!!?   Zot:5 *[[[[([=[   Depths:1 (   Depths:2 :
Depths:3 ?[**

Portals:
Hell: Depths:1 Depths:2 Depths:3 Depths:4
Abyss: D:15 Depths:2 Depths:3 Depths:4
Pandemonium: Depths:2
Ziggurat: Depths:1

Annotations:
D:15 1 transporter
Elf:2 3 runed translucent doors
Zot:5 1 exclusion
Pan Lom Lobon


Innate Abilities, Weirdness & Mutations

You have very sharp teeth.
Your uncanny sense of smell can sniff out nearby items.
Your experience applies equally to all skills.
Your movements are slightly less encumbered by armour. (ER -2)
You have hidden genetic defects.


Message History

The ball lightning completely resists.
The blast of lightning engulfs the ball lightning.
The ball lightning completely resists.
The ball lightning explodes!
The blast of lightning engulfs you. You resist.
* * * LOW HITPOINT WARNING * * *
The blast of lightning engulfs Lom Lobon.
Lom Lobon completely resists.
The blast of lightning engulfs the ball lightning.
The ball lightning completely resists.
A yellow draconian annihilator comes into view.
It is wielding a +0 dagger.
Huge Dmg: -4%(-10hp) hp: 9%(19hp) Blink to where?
Press: ? - help, Dir - move target, p - Lom Lobon
As you read the scroll of blinking, it crumbles to dust.
The yellow draconian annihilator casts a spell.
The yellow draconian annihilator blinks!
You feel much better.
You float gracefully downwards.
The yellow draconian annihilator spits acid at you.
The glob of acid hits you but does no damage.
The acid corrodes you!
As you read the scroll of teleportation, it crumbles to dust.
You feel strangely unstable.
You hear a clap of thunder!
The blast of lightning engulfs Lom Lobon.
Lom Lobon completely resists.
The blast of lightning engulfs you! You resist.
* * * LOW HITPOINT WARNING * * *
Lom Lobon screams, "Give in, thou canting tardy-gaited scavenger!"
Huge Dmg: -6%(-13hp) hp: 13%(29hp) Lom Lobon gestures.
Lom Lobon blinks!
You block the yellow draconian annihilator's attack.
You slash the yellow draconian annihilator!
The yellow draconian annihilator is moderately wounded.
Lom Lobon gestures at you.
Lom Lobon conjures a mighty blast of ice!
The great icy blast engulfs the yellow draconian annihilator!!!!
The yellow draconian annihilator dies!
The great icy blast engulfs you!!! You partially resist.
You die...

#.....†.....≈≈≈≈≈≈≈≈≈
#......†##...†.......
##......#####.........
#......## ###≈≈≈≈≈≈≈
#......# ########
##.....###########
#..§........≈≈≈≈##*
#..§§..(.......≈≈≈**
#..@§&...........≈≈**
##..§..†..........≈≈*
##...............,≈*
####.....(≈≈.....,≈≈
*#..##...(≈≈≈≈....,,≈
*,∆.§§§..≈≈..≈≈...,,≈
*,,..§☼..≈≈..≈≈...,,≈
**,^##....≈≈≈≈....,,≈
*###.°....≈≈.....,≈≈


You could see Lom Lobon (fast, gusty, incited).

Vanquished Creatures
  the Royal Jelly (Slime:5)
  Dissolution (Slime:4)
  An ancient lich (Abyss:2)
  Khufu (Crypt:2)
  2 dread liches
  An orb of fire (Zot:2)
  Mennas (Vaults:3)
  Sojobo (Depths:2)
  2 royal mummies
  A Killer Klown (Zot:3)
  Boris (Crypt:1)
  5 curse toes
  7 golden dragons
  The ghost of Siol the Slayer, an adept OgEn of Okawaru (Vaults:2)
  3 bone dragons
  Arachne (Spider:1)
  An electric golem (Zot:2)
  A walking crystal tome (Depths:2)
  The ghost of Pooter the Unseen, an adept GnDe of Trog (D:15)
  Mlioglotl (Swamp:1)
  22 tentacled monstrosities
  10 liches
  2 walking earthen tomes (Depths:3)
  9 titans
  A walking frostbound tome (Depths:3)
  2 deep elf blademasters (Elf:3)
  3 Orb Guardians (Zot:5)
  A deep elf master archer (Elf:3)
  6 quicksilver dragons
  20 acid blobs
  7 death cobs
  8 sphinxes
  Frances (Elf:1)
  An Executioner (Pan)
  The ghost of Hasuug the Whirler, an adept HaHu of Okawaru (Depths:1)
  An ancient champion (Crypt:3)
  6 tentacled starspawn
  The ghost of frimble the Fighter, an adept TrWr of Cheibriados (Depths:1)
  7 draconian monks
  A storm dragon (shapeshifter) (Vaults:5)
  11 tengu reavers
  9 shadow dragons
  3 revenants
  A fenstrider witch (Swamp:2)
  15 rockslimes
  18 azure jellies
  18 storm dragons
  5 draconian knights
  2 nagarajas (WizLab)
  2 demonspawn warmongers (Pan)
  A daeva (D:15)
  15 fire giants
  16 frost giants
  9 deep elf sorcerers
  3 draconian shifters
  7 orc warlords
  4 cacodemons
  7 ghost moths
  11 vault wardens
  A balrug (Pan)
  3 iron dragons
  3 imperial myrmidons (Desolation)
  10 draconian scorchers
  A curse skull (Crypt:2)
  6 emperor scorpions
  5 spriggan defenders
  4 draconian stormcallers
  Louise (Swamp:1)
  6 demonspawn corrupters
  3 deep elf elementalists (Elf:3)
  22 quicksilver oozes
  16 ironbound preservers
  8 ghouls
  2 reapers
  6 draconian annihilators
  19 very ugly things
  9 vampire knights
  22 stone giants
  Nessos (D:14)
  A juggernaut skeleton (Crypt:3)
  3 war gargoyles
  13 red draconians
  7 green draconians
  9 purple draconians
  10 black draconians
  Azrael (D:15)
  2 demonspawn black suns (Pan)
  8 white draconians
  3 bunyips
  4 deep elf demonologists
  8 dire elephants
  4 entropy weavers
  A minotaur (Vaults:2)
  5 spark wasps
  11 deep elf annihilators
  3 lorocyprocas (Pan)
  A halazid warlock (Desolation)
  7 yellow draconians
  7 blizzard demons (Pan)
  2 merfolk impalers (Vaults:2)
  An iron golem (Depths:1)
  4 eidola (Crypt:2)
  A merfolk javelineer (Vaults:2)
  12 green deaths (Pan)
  4 crystal guardians
  4 jiangshi
  14 yaktaur captains
  37 ettins
  2 mummy priests (Crypt:3)
  9 deep elf death magi
  16 great orbs of eyes
  11 deep elf high priests
  8 fire dragons
  Josephine (D:10)
  11 ironbound thunderhulks
  10 ragged hierophants (Desolation)
  7 peacekeepers
  9 rakshasas
  Fannar (D:11)
  17 ice dragons
  2 hell beasts
  3 ogre magi (Vaults:5)
  32 vault guards
  22 hydras
  5 servants of whispers (Desolation)
  10 spriggan air magi
  2 ghost crabs
  13 centaur warriors
  6 boulder beetles
  4 death knights
  The ghost of AltoTato the Fighter, a novice DrBe of Trog (D:9)
  8 death scarabs (Spider:4)
  An alligator (shapeshifter) (D:15)
  5 deep troll earth magi
  20 two-headed ogres
  8 alligators
  3 death yaks (Lair:6)
  2 merfolk aquamancers (WizLab)
  8 deep troll shamans
  14 ironbound frosthearts
  5 tengu warriors
  9 orc high priests (Orc:2)
  The ghost of Gainor the Martial Artist, a novice HuMo of Wu Jian (Lair:1)
  7 spriggan berserkers
  Urug (D:10)
  5 vampire magi
  A thrashing horror (Abyss:2)
  8 sun demons
  7 hell knights (Depths:1)
  3 titan skeletons
  3 soul eaters
  16 deep elf knights
  15 skeletal warriors
  A spectral emperor scorpion (Spider:4)
  10 iron trolls
  10 sixfirhies
  A bunyip zombie (Crypt:2)
  3 wretched stars
  6 goliath frogs
  A spectral death yak (Lair:1)
  A deep troll (shapeshifter) (Depths:2)
  68 deep trolls
  13 swamp dragons
  4 spriggan druids
  6 flayed ghosts
  7 harpies
  3 orange crystal statues
  2 glowing orange brains (shapeshifter)
  9 glowing orange brains
  18 lindwurms
  2 spectral wolf spiders (Spider:4)
  An anaconda zombie (Crypt:1)
  4 deep elf archers
  23 wizards
  13 phantasmal warriors
  20 ironbound convokers
  19 bog bodies
  2 human zombies (Vaults:2)
  5 necromancers
  17 orb spiders
  2 shadow dragon zombies
  24 deep elf pyromancers
  5 shining eyes
  2 wolf spiders (shapeshifter)
  A stone giant zombie (Depths:2)
  5 cyclopes
  23 deep elf zephyrmancers
  33 wolf spiders
  17 orc knights
  An oklob plant (Lair:4)
  3 manticores
  9 worldbinders
  58 ugly things
  A will-o-the-wisp (Swamp:1)
  2 orc sorcerers
  31 moths of wrath
  21 elephants
  A dire elephant zombie (Crypt:1)
  Maurice (D:11)
  A shadow dragon skeleton (Depths:1)
  9 black mambas
  4 rust devils
  2 salamanders
  An alligator snapping turtle zombie (Crypt:1)
  A fire giant skeleton (Depths:1)
  19 vault sentinels
  A water nymph (WizLab)
  2 molten gargoyles (Desolation)
  4 eyes of devastation
  9 smoke demons
  2 guardian serpents
  2 apocalypse crabs (Abyss:3)
  An eye of devastation (shapeshifter) (Depths:2)
  2 torpor snails
  A torpor snail (shapeshifter) (Depths:2)
  18 cane toads
  2 hellions
  13 rime drakes
  An orange demon (Pan)
  Maggie (D:8)
  A cane toad (shapeshifter) (Depths:2)
  10 freezing wraiths
  A shock serpent skeleton (Crypt:1)
  2 unseen horrors
  21 demonic crawlers
  3 kobold demonologists (D:12)
  28 yaktaurs
  2 spectral redbacks (Spider:4)
  11 komodo dragons
  6 efreet
  A redback zombie (Spider:4)
  6 tengu conjurers
  2 spriggan zombies
  2 ice devils
  3 hellwings (Pan)
  2 ancient zymes (Abyss:2)
  A red devil (Depths:2)
  23 polar bears
  8 trolls
  26 guardian mummies (Crypt:3)
  A shadow dragon simulacrum (Crypt:2)
  A silent spectre (Abyss:3)
  21 hornets
  41 jumping spiders
  3 jumping spider zombies (Spider:4)
  8 raiju
  2 iron troll skeletons (Crypt:3)
  2 hydra skeletons
  47 saltlings (Desolation)
  4 spectral tarantellas (Spider:4)
  14 wind drakes (Pan)
  83 slime creatures
  7 tyrant leeches
  22 blink frogs
  3 spectral jumping spiders (Spider:4)
  13 dream sheep
  A tyrant leech (shapeshifter) (Elf:1)
  A stone giant simulacrum (Vaults:2)
  A meliai zombie (D:11)
  An elf zombie (Vaults:4)
  An ettin zombie (Depths:2)
  2 air elementals
  An ettin skeleton (Abyss:3)
  A snapping turtle (shapeshifter) (Vaults:5)
  A centaur simulacrum (D:14)
  10 flying skulls
  A spriggan skeleton (Depths:1)
  Sigmund (D:5)
  2 vampires
  2 shadows
  12 wraiths
  64 redbacks
  6 water elementals
  14 ushabtiu (Crypt:3)
  26 yaks
  2 ynoxinuls
  29 tarantellas
  13 spriggans
  5 fire bats
  24 fire elementals
  10 small abominations
  13 large abominations
  3 basilisks
  16 humans (D:13)
  Eustachio (D:4)
  10 vampire mosquitoes
  12 chaos spawn
  7 wyverns
  7 golden eyes
  A catoblepas simulacrum (Lair:1)
  4 neqoxecs
  A death yak simulacrum (Lair:1)
  A yaktaur simulacrum (Vaults:4)
  Menkaure (D:5)
  9 steam dragons
  11 swamp worms
  5 wargs
  A spatial vortex (Abyss:3)
  Edmund (D:5)
  A demonspawn zombie (Crypt:2)
  4 acid dragons
  2 hydra simulacra (Lair:1)
  4 floating eyes
  A two-headed ogre zombie (Crypt:1)
  22 water moccasins
  A merfolk zombie (Crypt:3)
  A demonspawn skeleton (Crypt:1)
  4 hell hounds (D:15)
  2 spectral hornets (Spider:4)
  8 black bears
  2 ice beasts
  3 sky beasts
  An ettin simulacrum (Abyss:3)
  3 hornet zombies (Spider:4)
  24 orc warriors
  5 swamp drakes
  22 starcursed masses
  7 necrophages
  27 wolves
  20 ogres
  A wolf (shapeshifter) (Vaults:5)
  A black mamba simulacrum (Crypt:2)
  A swamp dragon zombie (Crypt:1)
  2 human skeletons
  A boggart (Elf:1)
  29 centaurs
  8 kobold brigands
  A fire crab zombie (Crypt:1)
  22 bullfrogs
  A yaktaur zombie (Crypt:1)
  5 earth elementals
  5 scorpions
  5 water moccasin zombies
  A cane toad simulacrum (Lair:1)
  A warg zombie (Crypt:2)
  A cyclops skeleton (Crypt:2)
  A human simulacrum (Vaults:4)
  25 killer bees
  A yak skeleton (Crypt:3)
  12 wights
  3 vampire bats (Lair:6)
  11 howler monkeys
  A centaur zombie (D:9)
  A komodo dragon simulacrum (Lair:1)
  2 quasits (Abyss:2)
  2 hounds
  18 jellies
  A gnoll shaman (D:6)
  28 orc priests
  3 bullfrog skeletons
  8 iguanas
  17 orc wizards
  2 scorpion zombies (D:5)
  A dwarf skeleton (Crypt:3)
  A hound skeleton (D:5)
  7 mummies
  5 gnolls
  A howler monkey skeleton (D:6)
  7 adders
  4 white imps
  3 ufetubi
  An adder skeleton (Crypt:2)
  8 adder zombies (Ossuary)
  A worm (shapeshifter) (Depths:3)
  5 worms
  A dart slug (D:1)
  106 orcs
  8 ball pythons
  11 bats
  19 endoplasms
  2 giant cockroaches
  5 gnoll zombies (Ossuary)
  4 goblins
  6 hobgoblins
  3 quokkas
  A ball python zombie (Crypt:2)
  3 frilled lizards
  A goblin zombie (Crypt:3)
  6 hobgoblin zombies
  A jackal skeleton (Crypt:2)
  13 kobolds
  4 kobold zombies (Ossuary)
  An orc skeleton (Crypt:1)
  3 orc zombies (Ossuary)
  A quokka zombie (Crypt:2)
  5 rats
  A river rat skeleton (Crypt:3)
  6 starspawn tentacles
2999 creatures vanquished.

Vanquished Creatures (collateral kills)
  An acid blob (Slime:5)
  4 killer bees (Lair:3)
  A wight (D:8)
6 creatures vanquished.

Vanquished Creatures (others)
  A titan (Pan)
  An ironbound preserver (Vaults:1)
  2 draconian annihilators (Pan)
  2 fire dragons (Swamp:4)
  A rakshasa (Pan)
  A two-headed ogre (D:8)
  24 dancing weapons
  A sea snake (shapeshifter) (Depths:2)
  3 wizards
  An ironbound convoker (Vaults:1)
  2 deep elf pyromancers (Orc:2)
  2 moths of wrath
  A komodo dragon (Lair:6)
  A rime drake (IceCv)
  A guardian mummy (Crypt:3)
  A queen bee (Lair:3)
  2 wind drakes (Pan)
  2 bloated husks
  A flying skull (Abyss:2)
  A steam dragon (Swamp:4)
  A swamp drake (Swamp:4)
  A wolf (shapeshifter) (Vaults:5)
  A killer bee (Lair:3)
  An orc (D:8)
  2 kobolds (D:8)
  21 ball lightnings (Pan)
  4 foxfires (Swamp:1)
  87 fungi
  A lurking horror (Abyss:3)
  103 plants
  16 starspawn tentacles
289 creatures vanquished.

Grand Total: 3294 creatures vanquished

Notes
Turn   | Place    | Note
-------+----------+-------------------------------------------
     0 | D:5      | RepHenryClay the Gnoll Delver began the quest for the Orb.
     0 | D:5      | Reached XP level 1. HP: 23/23 MP: 1/1
   181 | D:1      | Reached XP level 2. HP: 28/29 MP: 2/2
   563 | D:1      | Reached XP level 3. HP: 35/35 MP: 3/3
  1226 | D:2      | Reached skill level 1 in Invocations
  1318 | D:2      | Reached skill level 1 in Short Blades
  1318 | D:2      | Reached skill level 1 in Axes
  1318 | D:2      | Reached skill level 1 in Maces & Flails
  1318 | D:2      | Reached skill level 1 in Polearms
  1318 | D:2      | Reached skill level 1 in Staves
  1318 | D:2      | Reached skill level 1 in Slings
  1318 | D:2      | Reached skill level 1 in Bows
  1318 | D:2      | Reached skill level 1 in Crossbows
  1318 | D:2      | Reached skill level 1 in Throwing
  1318 | D:2      | Reached skill level 1 in Armour
  1318 | D:2      | Reached skill level 1 in Shields
  1318 | D:2      | Reached skill level 1 in Unarmed Combat
  1318 | D:2      | Reached skill level 1 in Spellcasting
  1318 | D:2      | Reached skill level 1 in Evocations
  1408 | D:2      | Reached XP level 4. HP: 38/41 MP: 5/5
  1749 | D:3      | Found a faded altar of an unknown god.
  1790 | D:3      | Found a sparkling altar of Nemelex Xobeh.
  2123 | D:3      | Reached skill level 1 in Conjurations
  2123 | D:3      | Reached skill level 1 in Hexes
  2123 | D:3      | Reached skill level 1 in Summonings
  2123 | D:3      | Reached skill level 1 in Necromancy
  2123 | D:3      | Reached skill level 1 in Translocations
  2123 | D:3      | Reached skill level 1 in Transmutations
  2123 | D:3      | Reached skill level 1 in Fire Magic
  2123 | D:3      | Reached skill level 1 in Ice Magic
  2123 | D:3      | Reached skill level 1 in Air Magic
  2123 | D:3      | Reached skill level 1 in Earth Magic
  2123 | D:3      | Reached skill level 1 in Poison Magic
  2170 | D:3      | Reached XP level 5. HP: 47/47 MP: 6/6
  2418 | D:4      | Noticed an ogre
  2484 | D:4      | Found the +5 robe of Night {Dark Will+ SInv}
  2930 | D:4      | Noticed a black bear
  2939 | D:4      | Killed a black bear
  2940 | D:4      | Reached XP level 6. HP: 52/53 MP: 8/8
  3235 | D:4      | Reached skill level 5 in Long Blades
  3235 | D:4      | Reached skill level 5 in Dodging
  3259 | D:5      | Noticed an ice beast
  3283 | D:4      | Killed an ice beast
  3284 | D:4      | Reached XP level 7. HP: 48/59 MP: 10/10
  3427 | D:5      | Noticed Eustachio
  3461 | D:4      | Killed Eustachio
  3462 | D:4      | Reached skill level 10 in Stealth
  3489 | D:5      | Reached XP level 8. HP: 67/67 MP: 12/12
  3902 | D:5      | Found a staircase to the Ecumenical Temple.
  3938 | Temple   | Entered the Ecumenical Temple
  4243 | Temple   | Became a worshipper of Gozag Ym Sagoz the Greedy
  4466 | D:5      | Noticed Sigmund
  4478 | D:5      | Killed Sigmund
  4502 | D:5      | Noticed Menkaure
  4513 | D:5      | Killed Menkaure
  4597 | D:5      | Noticed Edmund
  4655 | D:5      | Killed Edmund
  4840 | D:6      | Reached XP level 9. HP: 42/72 MP: 14/14
  4924 | D:6      | Noticed a manticore
  4941 | D:6      | Killed a manticore
  5001 | D:6      | Found a large runed translucent door.
  5004 | D:6      | Found a large runed translucent door.
  5004 | D:6      | Found a large runed translucent door.
  5010 | D:6      | Found a large runed translucent door.
  5010 | D:6      | Noticed a six-headed hydra
  5146 | D:6      | Found a sand-covered staircase.
  5152 | Ossuary  | Entered an ossuary
  5340 | Ossuary  | Reached skill level 5 in Invocations
  5422 | Ossuary  | Acquired the ring of Yricitey {rPois rF+ rC+ Dex+4}
  6294 | D:6      | Reached XP level 10. HP: 66/80 MP: 17/17
  6696 | D:7      | Reached skill level 5 in Short Blades
  6696 | D:7      | Reached skill level 5 in Axes
  6696 | D:7      | Reached skill level 5 in Maces & Flails
  6696 | D:7      | Reached skill level 5 in Polearms
  6696 | D:7      | Reached skill level 5 in Staves
  6696 | D:7      | Reached skill level 5 in Slings
  6696 | D:7      | Reached skill level 5 in Bows
  6696 | D:7      | Reached skill level 5 in Crossbows
  6696 | D:7      | Reached skill level 5 in Throwing
  6696 | D:7      | Reached skill level 5 in Armour
  6696 | D:7      | Reached skill level 5 in Shields
  6696 | D:7      | Reached skill level 5 in Unarmed Combat
  6696 | D:7      | Reached skill level 5 in Spellcasting
  6696 | D:7      | Reached skill level 5 in Evocations
  7102 | D:8      | Noticed Maggie
  7219 | D:8      | Noticed a two-headed ogre
  7541 | D:8      | Killed Maggie
  7914 | D:8      | Found a staircase to the Lair.
  8072 | D:8      | Noticed a two-headed ogre
  8096 | D:8      | Killed a two-headed ogre
  8276 | D:8      | Reached XP level 11. HP: 81/87 MP: 19/19
  8705 | D:8      | Reached skill level 5 in Conjurations
  8705 | D:8      | Reached skill level 5 in Hexes
  8705 | D:8      | Reached skill level 5 in Summonings
  8705 | D:8      | Reached skill level 5 in Necromancy
  8705 | D:8      | Reached skill level 5 in Translocations
  8705 | D:8      | Reached skill level 5 in Transmutations
  8705 | D:8      | Reached skill level 5 in Fire Magic
  8705 | D:8      | Reached skill level 5 in Ice Magic
  8705 | D:8      | Reached skill level 5 in Air Magic
  8705 | D:8      | Reached skill level 5 in Earth Magic
  8705 | D:8      | Reached skill level 5 in Poison Magic
  8794 | D:9      | Found a huge runed translucent gate.
  8795 | D:9      | Found a huge runed translucent gate.
  8796 | D:9      | Found a huge runed translucent gate.
  9150 | D:9      | Found a transporter.
  9349 | D:9      | Found a glowing golden altar of the Shining One.
  9655 | D:9      | Noticed AltoTato's ghost (novice DrBe)
  9772 | D:9      | Found a transporter.
 10125 | D:9      | Found a huge runed translucent gate.
 10211 | D:10     | Entered Level 10 of the Dungeon
 10233 | D:10     | Noticed Urug
 10248 | D:10     | Killed Urug
 10308 | D:10     | Found Yzxy's Weapon Emporium.
 10391 | D:10     | Found Wagises's Antique Armour Shop.
 10404 | D:10     | Bought a pair of boots for 139 gold pieces
 10551 | D:10     | Found Cigratry's Magic Scroll Shoppe.
 10557 | D:10     | Bought a scroll of brand weapon for 280 gold pieces
 10557 | D:10     | Bought a scroll of teleportation for 42 gold pieces
 10557 | D:10     | Bought a scroll of fear for 49 gold pieces
 10557 | D:10     | Bought a scroll of magic mapping for 49 gold pieces
 10627 | D:10     | Found Qeseuk's Armour Shop.
 10650 | D:10     | Found a shimmering altar of Xom.
 10667 | D:10     | Found a flagged portal.
 10691 | D:10     | Acquired 1063 gold pieces
 10699 | Bailey   | Entered a bailey
 10921 | Bailey   | Acquired the amulet of Teps {RegenMP rF++ Str+4 Dex+4}
 10958 | Bailey   | Noticed an orc knight
 10959 | Bailey   | Noticed an orc knight
 11133 | Bailey   | Noticed an orc knight
 11134 | Bailey   | Noticed an orc knight
 11174 | Bailey   | Killed an orc knight
 11265 | Bailey   | Killed an orc knight
 11380 | Bailey   | Killed an orc knight
 11516 | Bailey   | Killed an orc knight
 11580 | Bailey   | Noticed an orc knight
 11580 | Bailey   | Noticed an orc knight
 11721 | D:10     | Noticed Josephine
 11722 | D:10     | Found Ipnijaw's General Store.
 11745 | D:10     | Killed Josephine
 11746 | D:10     | Reached XP level 12. HP: 22/95 MP: 22/22
 12606 | D:11     | Noticed a five-headed hydra
 12623 | D:11     | Killed a five-headed hydra
 12694 | D:11     | Noticed a centaur warrior
 12836 | Lair:1   | Entered Level 1 of the Lair of Beasts
 13133 | Lair:1   | Acquired the +9 morningstar of Teshawiq {vorpal, Str+2
                  | Int+3 Dex+3}
 13417 | D:10     | Bought a +0 buckler for 63 gold pieces
 13648 | Lair:1   | Reached skill level 10 in Fighting
 13669 | Lair:1   | Found a runed translucent gate.
 13670 | Lair:1   | Found a runed translucent gate.
 13671 | Lair:1   | Found a runed translucent gate.
 14507 | Lair:1   | Noticed Gainor's ghost (novice HuMo)
 14776 | Lair:2   | Reached XP level 13. HP: 103/103 MP: 24/24
 16920 | Lair:4   | Found a hole to the Spider Nest.
 17226 | Lair:4   | Found a staircase to the Swamp.
 17451 | Lair:4   | Reached skill level 10 in Long Blades
 17451 | Lair:4   | Reached skill level 10 in Dodging
 17451 | Lair:4   | Reached XP level 14. HP: 103/113 MP: 26/26
 18007 | Lair:5   | Found a staircase to the Slime Pits.
 18268 | Lair:5   | Identified the +10 plate armour "Dickufad" {rElec}
 18986 | Lair:6   | Entered Level 6 of the Lair of Beasts
 19014 | Lair:6   | Reached skill level 10 in Invocations
 20958 | Lair:6   | Reached XP level 15. HP: 120/120 MP: 28/28
 21409 | D:6      | Got the Compendium of Poisoning
 21416 | D:6      | Identified the +0 robe of the Earth {rElec rPois}
 21423 | D:6      | Learned a level 4 spell: Olgreb's Toxic Radiance
 21427 | D:6      | Learned a level 3 spell: Ignite Poison
 21686 | D:11     | Found Zeoth's Magic Scroll Shoppe.
 21692 | D:11     | Bought a scroll of teleportation for 45 gold pieces
 21692 | D:11     | Bought a scroll of teleportation for 45 gold pieces
 21726 | D:11     | Noticed Maurice
 21735 | D:11     | Killed Maurice
 21811 | D:11     | Noticed Fannar
 21832 | D:11     | Killed Fannar
 22188 | D:11     | Reached skill level 10 in Short Blades
 22188 | D:11     | Reached skill level 10 in Axes
 22188 | D:11     | Reached skill level 10 in Maces & Flails
 22188 | D:11     | Reached skill level 10 in Polearms
 22188 | D:11     | Reached skill level 10 in Staves
 22188 | D:11     | Reached skill level 10 in Slings
 22188 | D:11     | Reached skill level 10 in Bows
 22188 | D:11     | Reached skill level 10 in Crossbows
 22188 | D:11     | Reached skill level 10 in Throwing
 22188 | D:11     | Reached skill level 10 in Armour
 22188 | D:11     | Reached skill level 10 in Shields
 22188 | D:11     | Reached skill level 10 in Unarmed Combat
 22188 | D:11     | Reached skill level 10 in Spellcasting
 22188 | D:11     | Reached skill level 10 in Evocations
 22433 | D:9      | Killed AltoTato's ghost
 22901 | D:12     | Found a staircase to the Orcish Mines.
 22993 | D:12     | Found Joeb Cump's General Store.
 23096 | D:12     | Bought the +1 pair of boots of the Wilderness {rF+ Regen+
                  | Dex-3 Slay+4} for 510 gold pieces
 23499 | D:12     | Found a portal to a secret trove of treasure.
 23545 | D:12     | You paid a toll of 8 potions of haste to enter a treasure
                  | trove
 23546 | Trove    | Entered a treasure trove
 23586 | Trove    | Identified the amulet of Tuluucw {Reflect rElec rC+ SH+5
                  | Stlth+}
 23590 | Trove    | Identified the ring of the Sparrow {rCorr SInv Stlth+}
 23610 | Trove    | Identified the +4 scale mail of Powerful Beauty {-Cast
                  | Dex+5}
 23613 | Trove    | Identified the +2 leather armour of the Crypt {rC+ Will+
                  | Int+2 Stlth+}
 23646 | D:12     | Reached XP level 16. HP: 127/127 MP: 30/30
 23647 | D:12     | Reached XP level 17. HP: 134/134 MP: 31/31
 23752 | Orc:1    | Entered Level 1 of the Orcish Mines
 24317 | Orc:2    | Entered Level 2 of the Orcish Mines
 24535 | Orc:2    | Found a staircase to the Elven Halls.
 24695 | Orc:2    | Found Oniet's Jewellery Emporium.
 24919 | Orc:2    | Found Hyteig's Antique Armour Boutique.
 24919 | Orc:2    | Found Upaehuf's Distillery.
 24958 | Orc:2    | Bought a potion of haste for 150 gold pieces
 24958 | Orc:2    | Bought a potion of haste for 150 gold pieces
 24975 | Orc:2    | Bought a pair of runed boots for 225 gold pieces
 24975 | Orc:2    | Bought a pair of glowing boots for 225 gold pieces
 25054 | Orc:2    | Found Jenuhonu's Weapon Boutique.
 25129 | Orc:2    | Found Duewit's Magic Scroll Shop.
 25180 | Orc:2    | Bought a scroll of teleportation for 39 gold pieces
 25180 | Orc:2    | Bought a scroll of teleportation for 39 gold pieces
 25180 | Orc:2    | Bought a scroll of teleportation for 39 gold pieces
 25180 | Orc:2    | Bought a scroll of teleportation for 39 gold pieces
 25180 | Orc:2    | Bought a scroll of fear for 45 gold pieces
 25180 | Orc:2    | Bought a scroll of magic mapping for 45 gold pieces
 25311 | Orc:2    | Upgraded the game from 0.28-a0-932-g843f935a50 to
                  | 0.28-a0-938-gbc3f381ebc
 26408 | D:14     | Noticed Nessos
 26408 | D:14     | Found a gate to the Vaults.
 26535 | D:14     | Killed Nessos
 26650 | D:14     | Reached XP level 18. HP: 137/138 MP: 33/33
 27499 | D:15     | Entered Level 15 of the Dungeon
 27792 | D:15     | Noticed Azrael
 27807 | D:15     | Killed Azrael
 27958 | D:15     | Found a transporter.
 27993 | D:15     | Noticed Pooter's ghost (adept GnDe)
 28152 | D:15     | Found a staircase to the Depths.
 28280 | D:15     | Found a one-way gate to the infinite horrors of the Abyss.
 28285 | D:15     | Found a transporter.
 28575 | Spider:1 | Entered Level 1 of the Spider Nest
 28575 | Spider:1 | Found a frozen archway.
 28582 | IceCv    | Entered an ice cave
 29566 | Lair:4   | Reached skill level 10 in Conjurations
 29566 | Lair:4   | Reached skill level 10 in Hexes
 29566 | Lair:4   | Reached skill level 10 in Summonings
 29566 | Lair:4   | Reached skill level 10 in Necromancy
 29566 | Lair:4   | Reached skill level 10 in Translocations
 29566 | Lair:4   | Reached skill level 10 in Transmutations
 29566 | Lair:4   | Reached skill level 10 in Fire Magic
 29566 | Lair:4   | Reached skill level 10 in Ice Magic
 29566 | Lair:4   | Reached skill level 10 in Air Magic
 29566 | Lair:4   | Reached skill level 10 in Earth Magic
 29566 | Lair:4   | Reached skill level 10 in Poison Magic
 29716 | Lair:1   | Killed Gainor's ghost
 29852 | D:15     | Bought a heavily runed scale mail for 270 gold pieces
 29852 | D:15     | Identified the +5 scale mail of Gravitas {rPois Dex+3
                  | Stlth+} (You bought it in a shop on level 15 of the
                  | Dungeon)
 29863 | D:15     | Bought a pair of embroidered gloves for 225 gold pieces
 29877 | D:15     | Bought a glowing cloak for 202 gold pieces
 29877 | D:15     | Bought a shiny buckler for 202 gold pieces
 29877 | D:15     | Bought quicksilver dragon scales for 1620 gold pieces
 29917 | D:15     | Bought a scroll of acquirement for 780 gold pieces
 29917 | D:15     | Bought 2 scrolls of acquirement for 1560 gold pieces
 29917 | D:15     | Acquired 274 gold pieces
 29919 | D:15     | Acquired the amulet "Pugorel" {Spirit +Blink rF+++ rN++
                  | Str-3}
 29926 | D:15     | Acquired a +1 helmet of intelligence
 30983 | Spider:1 | Reached skill level 15 in Stealth
 31266 | Spider:2 | Noticed Arachne
 31295 | Spider:1 | Killed Arachne
 31539 | Spider:2 | Reached XP level 19. HP: 150/150 MP: 19/35
 32502 | Spider:2 | Learned a level 5 spell: Freezing Cloud
 32507 | Spider:2 | Learned a level 4 spell: Iskenderun's Mystic Blast
 32637 | Spider:2 | Learned a level 5 spell: Borgnjor's Vile Clutch
 34091 | Spider:4 | Entered Level 4 of the Spider Nest
 36516 | Spider:4 | Got a gossamer rune of Zot
 36718 | Swamp:1  | Entered Level 1 of the Swamp
 37000 | Swamp:1  | Reached XP level 20. HP: 106/131 MP: 24/36
 37376 | Swamp:1  | Noticed Louise
 37407 | Swamp:1  | Killed Louise
 37690 | Swamp:1  | Noticed Mlioglotl
 37711 | Swamp:1  | Killed Mlioglotl
 39642 | Swamp:3  | Identified the amulet of Life {rN+ Regen+ Int+5 Dex-4}
 40000 | Swamp:4  | Entered Level 4 of the Swamp
 41058 | Swamp:4  | Got a decaying rune of Zot
 41475 | Vaults:1 | Entered Level 1 of the Vaults
 41735 | Vaults:1 | Found a magical portal.
 41744 | WizLab   | Entered Alistair's Party Mansion
 42239 | WizLab   | Noticed a golden dragon
 42239 | WizLab   | Noticed a golden dragon
 42513 | WizLab   | Acquired the +2 kite shield of Repulsion {Rampage}
 42591 | WizLab   | HP: 7/159 [flayed ghost/flay_damage[a demonspawn corrupter]
                  | (1)]
 42830 | WizLab   | Reached XP level 21. HP: 153/167 MP: 22/38
 43376 | Vaults:1 | Reached skill level 15 in Fighting
 44664 | Vaults:1 | Reached skill level 15 in Invocations
 46064 | Vaults:2 | Found a runed translucent gate.
 46064 | Vaults:2 | Found a runed translucent gate.
 46065 | Vaults:2 | Found a runed translucent gate.
 46067 | Vaults:2 | Noticed Siol's ghost (adept OgEn)
 47620 | Vaults:2 | Got the Tome of Ghastly Transformation
 47710 | Vaults:2 | Reached XP level 22. HP: 176/176 MP: 35/40
 47995 | Vaults:2 | Reached skill level 15 in Long Blades
 47995 | Vaults:2 | Reached skill level 15 in Dodging
 48234 | Vaults:2 | Found an iron altar of Okawaru.
 48267 | Vaults:2 | Killed Siol's ghost
 48461 | Vaults:2 | Identified the +1 executioner's axe "Jettedi" {venom, rCorr
                  | Str+4}
 48955 | Vaults:3 | Noticed Mennas
 49190 | Vaults:3 | Killed Mennas
 49906 | Vaults:3 | Found a staircase to the Crypt.
 50144 | Vaults:3 | Acquired a +2 pair of boots of flying
 50675 | D:15     | Bought a scroll of acquirement for 780 gold pieces
 50675 | D:15     | Acquired 1194 gold pieces
 50887 | Vaults:4 | Found a crumbling gateway.
 50894 | Desolati | Entered the Desolation of Salt
 50939 | Desolati | Found the +7 captain's cutlass {speed, disarm}
 51052 | Desolati | Identified the ring "Direrota" {rF- Will+ Int+5 Dex+5}
 51055 | Desolati | Got the Volume of Bewitchment
 51530 | Desolati | Found the +10 tower shield of Ignorance {rN+ Int-4}
 51588 | Desolati | Identified the ring "Ojoevies" {rCorr SInv}
 51955 | Desolati | Identified the +5 mace of Termination {spect, rC+ rN+
                  | Str-4}
 51997 | Desolati | Got Awulotwo's Collected Works on Battle Magic
 52047 | Desolati | Got the Papyrus of Transmutation
 52049 | Desolati | Got the Incunabulum of the Glacier and Sinister Rites
 52958 | Vaults:4 | Reached skill level 15 in Short Blades
 52958 | Vaults:4 | Reached skill level 15 in Axes
 52958 | Vaults:4 | Reached skill level 15 in Maces & Flails
 52958 | Vaults:4 | Reached skill level 15 in Polearms
 52958 | Vaults:4 | Reached skill level 15 in Staves
 52958 | Vaults:4 | Reached skill level 15 in Slings
 52958 | Vaults:4 | Reached skill level 15 in Bows
 52958 | Vaults:4 | Reached skill level 15 in Crossbows
 52958 | Vaults:4 | Reached skill level 15 in Throwing
 52958 | Vaults:4 | Reached skill level 15 in Armour
 52958 | Vaults:4 | Reached skill level 15 in Shields
 52958 | Vaults:4 | Reached skill level 15 in Unarmed Combat
 52958 | Vaults:4 | Reached skill level 15 in Spellcasting
 52958 | Vaults:4 | Reached skill level 15 in Evocations
 52958 | Vaults:4 | Reached XP level 23. HP: 184/184 MP: 35/42
 53036 | Vaults:4 | Found Suheavir's Jewellery Emporium.
 53195 | Vaults:4 | Found Qaxuste's Armour Boutique.
 54126 | Vaults:4 | Found Mija's Antique Armour Emporium.
 54129 | Vaults:4 | Found Naenaani's Assorted Antiques.
 54339 | Vaults:4 | Found Roxkoz's Weapon Shop.
 54669 | Vaults:4 | Bought runed pearl dragon scales for 3675 gold pieces
 54836 | Vaults:5 | Entered Level 5 of the Vaults
 54863 | Vaults:5 | Noticed a golden dragon
 54960 | Vaults:5 | Killed a golden dragon
 54987 | Vaults:5 | Noticed a dread lich
 55036 | Vaults:5 | Killed a dread lich
 55545 | Vaults:5 | Reached XP level 24. HP: 189/190 MP: 0/42
 55963 | Vaults:5 | Found Peta's Distillery.
 55963 | Vaults:5 | Found Noapy's Magic Scroll Emporium.
 56237 | Vaults:5 | Found Mus Uhu's Magic Scroll Boutique.
 56237 | Vaults:5 | Found Nejeag's Distillery.
 56399 | Vaults:5 | Identified the amulet "Kopesus" {Reflect Will+ SH+5}
 56414 | Vaults:5 | Identified the ring "Nabroic" {rN+ MP+9}
 56534 | Vaults:5 | Got a silver rune of Zot
 56729 | Vaults:5 | Found Burphik's Weapon Shoppe.
 56892 | Vaults:5 | Bought a potion of heal wounds for 60 gold pieces
 56892 | Vaults:5 | Bought a potion of heal wounds for 60 gold pieces
 56914 | Vaults:5 | Bought a scroll of teleportation for 45 gold pieces
 56914 | Vaults:5 | Bought a scroll of teleportation for 45 gold pieces
 56920 | Vaults:5 | Found Ixkuiqie's Distillery.
 56928 | Vaults:5 | Bought a potion of heal wounds for 75 gold pieces
 56928 | Vaults:5 | Bought 2 potions of heal wounds for 150 gold pieces
 56939 | Vaults:5 | Bought a scroll of blinking for 150 gold pieces
 56939 | Vaults:5 | Bought a scroll of blinking for 150 gold pieces
 56997 | Vaults:5 | Found Tufuokh's Distillery.
 57002 | Vaults:5 | Bought a potion of haste for 130 gold pieces
 57002 | Vaults:5 | Bought a potion of haste for 130 gold pieces
 57012 | Vaults:5 | Found Iphuf's Magic Scroll Boutique.
 57038 | Vaults:5 | Bought a scroll of teleportation for 54 gold pieces
 57038 | Vaults:5 | Bought a scroll of teleportation for 54 gold pieces
 57038 | Vaults:5 | Bought a scroll of teleportation for 54 gold pieces
 57441 | Depths:1 | Entered Level 1 of the Depths
 57662 | Depths:1 | Found a gateway to a ziggurat.
 58330 | Depths:1 | Found Dogokog's Antique Weapon Boutique.
 58470 | Depths:1 | Found a runed translucent gate.
 58471 | Depths:1 | Found a runed translucent gate.
 58479 | Depths:1 | Found a runed translucent gate.
 58479 | Depths:1 | Noticed Hasuug's ghost (adept HaHu)
 58480 | Depths:1 | Noticed frimble's ghost (adept TrWr)
 58586 | Depths:1 | Identified the +1 leather armour of the Original Sin {rPois
                  | rCorr Str+3}
 58603 | Depths:1 | Identified the +4 mace of the Freezing Big Fish {flame,
                  | rC+}
 58930 | Depths:1 | Found a snail-covered altar of Cheibriados.
 59719 | Depths:1 | Found a gateway to Hell.
 59973 | Depths:1 | Killed Hasuug's ghost
 60002 | Depths:1 | Killed frimble's ghost
 60128 | Depths:1 | Identified the ring "Gumobocufa" {rN+ Will+ Int+2 Dex+6}
 60715 | Depths:2 | Noticed Sojobo
 60730 | Depths:2 | Killed Sojobo
 60936 | Depths:2 | Found Mixuthran's Book Shoppe.
 60938 | Depths:2 | Identified the +7 lajatang of Egomania {vorpal, Dex+4}
 61604 | Depths:2 | Found a one-way gate to the infinite horrors of the Abyss.
 61823 | Depths:2 | Found a one-way gate leading to the halls of Pandemonium.
 62038 | Depths:2 | Found a glowing golden altar of the Shining One.
 62066 | Depths:2 | Found a burning altar of Makhleb.
 62316 | Depths:2 | Reached XP level 25. HP: 202/202 MP: 29/43
 63329 | Depths:3 | Found Uloyfu's Assorted Antiques.
 63329 | Depths:3 | Found Zimass's Magic Scroll Emporium.
 63331 | Depths:3 | Found Ukackargh's Antique Armour Emporium.
 63335 | Depths:3 | Bought a pair of embroidered gloves for 367 gold pieces
 63336 | Depths:3 | Found Veigoeb's General Store.
 63339 | Depths:3 | Bought a potion of heal wounds for 120 gold pieces
 63362 | Depths:3 | Acquired the +12 longbow of Skirmishing {venom, Str+2}
 63564 | Depths:3 | Identified the +1 chain mail of the Cooper {Regen+ Str+3
                  | Dex+2 Stlth+}
 63681 | Depths:3 | Paralysed by a floating eye for 2 turns
 64057 | Depths:3 | Identified the +0 pair of boots of Avoyruzi {rC+}
 64760 | Depths:3 | Found a corrupted altar of Lugonu.
 64798 | Depths:3 | Paralysed by a floating eye for 4 turns
 65262 | Depths:4 | Entered Level 4 of the Depths
 66352 | Depths:4 | Found a gate to the Realm of Zot.
 66545 | Depths:4 | Found a stormy altar of Qazlal.
 66847 | Elf:1    | Entered Level 1 of the Elven Halls
 66941 | Elf:1    | Upgraded the game from 0.28-a0-938-gbc3f381ebc to
                  | 0.28-a0-957-g42eb19b844
 67135 | Elf:1    | Reached XP level 26. HP: 211/211 MP: 42/44
 67253 | Elf:1    | Identified the +0 chain mail "Waoxe" {Rampage Str+2}
 67715 | Elf:1    | Noticed Frances
 67725 | Elf:1    | Killed Frances
 68027 | Elf:2    | Found a runed translucent gate.
 68029 | Elf:2    | Found a runed translucent gate.
 68029 | Elf:2    | Found a runed translucent gate.
 68045 | Elf:2    | Found a huge runed gate.
 68045 | Elf:2    | Found a huge runed gate.
 68047 | Elf:2    | Found a huge runed gate.
 68047 | Elf:2    | Found a huge runed gate.
 68048 | Elf:2    | Found a huge runed gate.
 68049 | Elf:2    | Found a huge runed gate.
 68049 | Elf:2    | Found a huge runed gate.
 68050 | Elf:2    | Found a huge runed gate.
 68050 | Elf:2    | Found a huge runed gate.
 68050 | Elf:2    | Found a huge runed gate.
 68051 | Elf:2    | Found a huge runed gate.
 68051 | Elf:2    | Found a huge runed gate.
 68052 | Elf:2    | Found a huge runed gate.
 68054 | Elf:2    | Found a huge runed gate.
 68107 | Elf:2    | Found a huge runed gate.
 68107 | Elf:2    | Found a huge runed gate.
 68107 | Elf:2    | Found a huge runed gate.
 68109 | Elf:2    | Found a huge runed gate.
 68254 | Elf:2    | Found a huge runed gate.
 68260 | Elf:2    | Found a huge runed gate.
 68260 | Elf:2    | Found a huge runed gate.
 68260 | Elf:2    | Found a huge runed gate.
 68260 | Elf:2    | Found a huge runed gate.
 68437 | Elf:2    | Found a huge runed gate.
 68437 | Elf:2    | Found a huge runed gate.
 68438 | Elf:2    | Found a huge runed gate.
 68439 | Elf:2    | Found a huge runed gate.
 68440 | Elf:2    | Found a huge runed gate.
 68448 | Elf:2    | Found a huge runed gate.
 68448 | Elf:2    | Found a huge runed gate.
 68448 | Elf:2    | Found a huge runed gate.
 68448 | Elf:2    | Found a huge runed gate.
 68448 | Elf:2    | Found a huge runed gate.
 68448 | Elf:2    | Found a huge runed gate.
 68449 | Elf:2    | Found a huge runed gate.
 68450 | Elf:2    | Found a huge runed gate.
 69174 | Elf:3    | Entered Level 3 of the Elven Halls
 69227 | Elf:3    | Found Ighalluu's Antique Weapon Shop.
 69230 | Elf:3    | Found Pismu's Book Boutique.
 69232 | Elf:3    | Found Gelues Liku's Magic Scroll Shop.
 69246 | Elf:3    | Bought a scroll of magic mapping for 66 gold pieces
 69246 | Elf:3    | Bought a scroll of magic mapping for 66 gold pieces
 69246 | Elf:3    | Bought a scroll of fear for 66 gold pieces
 69246 | Elf:3    | Bought a scroll of magic mapping for 66 gold pieces
 69724 | Elf:3    | Paralysed by an air elemental for 1 turns
 69917 | Elf:3    | Learned a level 3 spell: Lesser Beckoning
 69920 | Elf:3    | Learned a level 2 spell: Blink
 69926 | Elf:3    | Learned a level 5 spell: Manifold Assault
 69929 | Elf:3    | Identified the +11 scimitar "Girobej" {freeze, Contam Fly
                  | rCorr Dex+2}
 69941 | Elf:3    | Identified the +9 flail of Bespelled Innocence {flame,
                  | Str+3}
 70091 | Elf:3    | Found the amulet of the Four Winds {rN+ Will+++ Clar}
 70155 | Elf:3    | Identified the +0 pair of boots "Dirhureu" {rElec}
 70166 | Elf:3    | Identified the +0 leather armour "Esischuph" {Harm Fly
                  | rCorr Int-4}
 70183 | Elf:3    | Identified the +0 plate armour of the Everdark {rPois
                  | Str+2}
 70207 | Elf:3    | Identified the ring of Vehumet's Envy {MP+9 Dex+4}
 70529 | D:15     | Killed Pooter's ghost
 70988 | Zot:1    | Entered Level 1 of the Realm of Zot
 71705 | Zot:1    | Reached skill level 15 in Conjurations
 71705 | Zot:1    | Reached skill level 15 in Hexes
 71705 | Zot:1    | Reached skill level 15 in Summonings
 71705 | Zot:1    | Reached skill level 15 in Necromancy
 71705 | Zot:1    | Reached skill level 15 in Translocations
 71705 | Zot:1    | Reached skill level 15 in Transmutations
 71705 | Zot:1    | Reached skill level 15 in Fire Magic
 71705 | Zot:1    | Reached skill level 15 in Ice Magic
 71705 | Zot:1    | Reached skill level 15 in Air Magic
 71705 | Zot:1    | Reached skill level 15 in Earth Magic
 71705 | Zot:1    | Reached skill level 15 in Poison Magic
 72651 | Zot:2    | Noticed an orb of fire
 72670 | Zot:2    | Killed an orb of fire
 73061 | Zot:2    | Reached XP level 27. HP: 219/219 MP: 40/44
 76556 | Zot:3    | Identified the +12 long sword "String" {speed, rElec rC+
                  | Int+2}
 76793 | Zot:4    | Found a transporter.
 76976 | Zot:4    | Found a transporter.
 77482 | Zot:4    | Noticed a dread lich
 77521 | Zot:4    | Killed a dread lich
 77965 | Zot:4    | Identified the ring "Feycuji" {rPois rC+++ Str-3 Int-2
                  | Dex+6}
 77972 | Zot:4    | Identified the amulet of Patience {Regen+ Str+7}
 77987 | Zot:4    | Got Hioxtefu's Catalogue of Bewitchment
 78010 | Zot:5    | Entered Level 5 of the Realm of Zot
 78051 | Zot:5    | Bought a pair of embroidered gloves for 217 gold pieces
 78053 | Zot:5    | Bought a runed double sword for 648 gold pieces
 78057 | Zot:5    | Bought a steaming buckler for 190 gold pieces
 78057 | Zot:5    | Identified the +5 buckler of the Hanged Man {+Inv SInv
                  | Stlth+} (You bought it in a shop on level 5 of the Realm of
                  | Zot)
 78059 | Zot:5    | Bought a pair of embroidered gloves for 255 gold pieces
 78061 | Zot:5    | Bought a pair of runed gloves for 187 gold pieces
 79137 | Slime:1  | Entered Level 1 of the Pits of Slime
 79519 | Slime:2  | Gained mutation: Your muscles are strong. (Str +2) [a
                  | shining eye]
 80214 | Slime:4  | Noticed Dissolution
 80226 | Slime:4  | Learned a level 3 spell: Portal Projectile
 80230 | Slime:4  | Killed Dissolution
 80447 | Slime:3  | You fall into a shaft and drop 1 floor!
 80464 | Slime:4  | Lost mutation: Your muscles are strong. (Str +2) [a shining
                  | eye]
 81142 | Slime:5  | Entered Level 5 of the Pits of Slime
 81318 | Slime:5  | Gained mutation: You are weak. (Str -2) [a shining eye]
 81320 | Slime:5  | Gained mutation: You sometimes lose the ability to read
                  | scrolls when taking damage. [a shining eye]
 81331 | Slime:5  | Noticed the Royal Jelly
 81549 | Slime:5  | Found a viscous altar of Jiyva.
 81843 | Slime:5  | Killed the Royal Jelly
 82022 | Slime:5  | Got a slimy rune of Zot
 82029 | Slime:5  | Acquired 754 gold pieces
 83024 | Zot:5    | Bought a +1 buckler of cold resistance for 379 gold pieces
 83027 | Zot:5    | Bought a glowing buckler for 217 gold pieces
 83205 | Depths:4 | Voluntarily entered the Abyss.
 83869 | Abyss:2  | Noticed an ancient lich
 83894 | Abyss:2  | Killed an ancient lich
 84052 | Abyss:3  | Got an abyssal rune of Zot
 84265 | Depths:4 | Escaped the Abyss
 84289 | Depths:4 | Voluntarily entered the Abyss.
 84430 | Depths:4 | Escaped the Abyss
 84432 | Depths:4 | Voluntarily entered the Abyss.
 84476 | Depths:4 | Escaped the Abyss
 84478 | Depths:4 | Voluntarily entered the Abyss.
 84525 | Depths:4 | Escaped the Abyss
 84527 | Depths:4 | Voluntarily entered the Abyss.
 84574 | Depths:4 | Escaped the Abyss
 84576 | Depths:4 | Voluntarily entered the Abyss.
 84759 | Depths:4 | Escaped the Abyss
 84761 | Depths:4 | Voluntarily entered the Abyss.
 84818 | Depths:4 | Escaped the Abyss
 84820 | Depths:4 | Voluntarily entered the Abyss.
 84941 | Abyss:2  | Identified the +1 plate armour of the Stonemason {Fly
                  | Will+}
 84975 | Depths:4 | Escaped the Abyss
 85153 | Zot:5    | Bought the ring "Jueduzia" {rElec rCorr Dex+6} for 1874
                  | gold pieces
 85423 | Depths:2 | Fell from the grace of Gozag
 85423 | Depths:2 | Became a worshipper of the Shining One
 85696 | Crypt:1  | Entered Level 1 of the Crypt
 85878 | Crypt:1  | Reached * piety under the Shining One
 85971 | Crypt:1  | Reached ** piety under the Shining One
 86170 | Crypt:1  | Reached *** piety under the Shining One
 86304 | Crypt:1  | Noticed Boris
 86317 | Crypt:1  | Killed Boris
 86620 | Crypt:2  | Reached **** piety under the Shining One
 86913 | Crypt:2  | Noticed a royal mummy
 86918 | Crypt:2  | Noticed Khufu
 86928 | Crypt:2  | Killed a royal mummy
 86940 | Crypt:2  | Killed Khufu
 86945 | Crypt:2  | Reached ***** piety under the Shining One
 87409 | Crypt:3  | Entered Level 3 of the Crypt
 87509 | Crypt:3  | Reached ****** piety under the Shining One
 87881 | Crypt:3  | Noticed a royal mummy
 87895 | Crypt:3  | Killed a royal mummy
 88671 | Crypt:3  | Found a staircase to the Tomb.
 89155 | Pan      | Entered Pandemonium
 89495 | Pan      | Entered the realm of Lom Lobon.
 90435 | Pan      | Noticed Lom Lobon
 90513 | Pan      | Lost mutation: You sometimes lose the ability to read
                  | scrolls when taking damage. [potion of mutation]
 90513 | Pan      | Lost mutation: You are weak. (Str -2) [potion of mutation]
 90513 | Pan      | Gained mutation: You have hidden genetic defects. [potion
                  | of mutation]
 90513 | Pan      | Gained mutation: Your movements are slightly less
                  | encumbered by armour. (ER -2) [potion of mutation]
 90860 | Pan      | Killed from afar by Lom Lobon

Illustrated notes

Levels and vault maps discovered:
D:1:      saegor_arrival_simple_d, layout_basic, minmay_quantized
D:2:      layout_basic
D:3:      layout_loops_ring, mainiacjoe_overflow_24_doors,
          chequers_ecumenical_altar_island
D:4:      layout_basic, minmay_quadrilaterals
D:5:      layout_cave_pools, minmay_temple_entry_grid, sigmund_edmund_badplayer,
          uniq_menkaure, uniq_eustachio
D:6:      layout_basic, nicolae_ossuary_entry_giza,
          minmay_hollow_rounded_squares
D:7:      layout_loops_cross
D:8:      layout_basic, due_lair_maze_entry_diamond, uniq_maggie
D:9:      lemuel_bear_cage, layout_layer_cave, nicolae_tso_carved_into_rock,
          gammafunk_ghost_arena
D:10:     layout_loops_corners, xom_butterflies, enter_bailey_2, serial_shops,
          shop, nicolae_shop_bloodbath_and_beyond, nicolae_stop_n_shop_2, shop,
          nicolae_stop_n_shop_1, uniq_urug, uniq_josephine
D:11:     layout_cave_pools, serial_shops, shop, grunt_decor_fettered,
          worms_lemuel, uniq_fannar, uniq_maurice
D:12:     layout_small_grid, orc_0_dummy, serial_shops,
          nicolae_shop_competitors_out_of_business, nicolae_trove_entry_columns
D:13:     layout_irregular_city
D:14:     layout_cave_pods, david_vaults_3, minmay_misc_feat_roman
D:15:     hangedman_depths_entry_try_elsewhere_first, layout_long_grid,
          small_statue_alley_a, gammafunk_ghost_abyssal_escape, uniq_azrael
Temple:   mainiacjoe_temple_bowtie_tessellation
Lair:1:   layout_cave_pods, gammafunk_ghost_necromancy, beast_lair_carwin_10
Lair:2:   layout_small_grid
Lair:3:   layout_roguey [special_room_bee], lemuel_fruit_fields,
          lemuel_fruit_fields
Lair:4:   layout_hall_layers, skrybe_swamp_entry_bodies,
          spider_nest_entry_web_field, minivault_25
Lair:5:   lemuel_slime, layout_regular_city, slime_dummy
Lair:6:   hangedman_lair_in_review, layout_cave_pods, guppyfry_lair_end_dragon,
          roderic_batcave, chequers_serial_rivers_small_3
Swamp:1:  layout_basic_swamp, evilmike_swamp_ruin_wall, swamp_pool2,
          uniq_louise, uniq_mlioglotl
Swamp:2:  layout_basic_swamp, infiniplex_staircase_pool
Swamp:3:  layout_falls_marsh, serial_swamp_ruin, hangedman_swamp_ruin_wall,
          evilmike_swamp_ruin_house_5, evilmike_swamp_ruin_house_1, swamp_pool1
Swamp:4:  swamp_fiery, layout_basic_swamp, swamp_pool4
Spider:1: layout_spider_delve, portal_ice_cave_entry_pillars_three
Spider:2: nicolae_spider_corner, uniq_arachne
Spider:3: layout_spider_delve, special_room
Spider:4: floodkiller_spider_rune_tomb
Slime:1:  layout_caves
Slime:2:  layout_caves, basic_altar, nicolae_slime_round_cave
Slime:3:  layout_caves, nicolae_slime_welcoming_committee
Slime:4:  layout_caves, uniq_dissolution
Slime:5
Orc:1:    layout_diamond_mine
Orc:2:    st_orc_town, layout_caves, serial_shops,
          nicolae_shop_temple_entry_statues_fountains, elves_outpost_lemuel,
          uniq_nessos
Elf:1:    nicolae_elf_arrival_fired_up, layout_loops_corners,
          hangedman_elf_disciples, serial_sigils_hangedman_scratch,
          small_chamber_with_monster, nicolae_elf_variegated_diamond,
          uniq_frances
Elf:2:    elven_hall_of_blades_hangedman_original
          [nicolae_blade_entry_antechamber], layout_loops_cross,
          corexii_leaking_fountain, minivault_16, door_vault
Elf:3:    minmay_elf_hall_x, layout_loops_ring, dk_noncrumbling_4,
          minmay_shop_star
Vaults:1: mu_enter_wizlab_5, serial_ice_g, v_misc_1, v_alt_pattern_2,
          nicolae_vaults_big_ls, grunt_vaults_swirl,
          nicolae_vaults_lopsided_apartments, v_misc_26,
          vaults_room_grunt_arrival_ludios, layout_vaults_chaotic_city
Vaults:2: gammafunk_ghost_fury_of_okawaru, serial_ice_h,
          nicolae_vaults_little_squares_3, ontoclasm_vaults_chip,
          nicolae_vaults_network_s, nicolae_vaults_statue_guard,
          nicolae_vaults_network_star, nicolae_vaults_gold_heap,
          nicolae_vaults_back_hallway, nicolae_vaults_alarming,
          grunt_vaults_focal, hangedman_vaults_river_flow,
          layout_vaults_omnicross
Vaults:3: vaults_room_grunt_arrival_checkpoint, vaults_room_corners,
          ontoclasm_vaults_shuriken, vaults_dpeg_diagonal,
          layout_vaults_quadrants, minmay_crypt_entry_simple_round, uniq_mennas
Vaults:4: portal_desolation_entry_nicolae_slug, ontoclasm_vaults_fault,
          nicolae_vaults_quadrants, nicolae_vaults_little_ls, v_misc_26,
          hangedman_vaults_stagger, v_pattern_1, nicolae_vaults_three_branches,
          v_misc_4, nicolae_vaults_circle_grid_a, v_rooms_5,
          ontoclasm_vaults_ring_small, layout_vaults_maze_bifur, serial_shops,
          nicolae_diamond_shop, shop, nicolae_diamond_shop, shop, shop
Vaults:5: serial_shops, uniq_margery
Crypt:1:  layout_gridlike, uniq_boris
Crypt:2:  layout_gridlike, uniq_khufu
Crypt:3:  due_elkab, layout_chaotic_city, tomb_entry_forgotten_bobbens
Depths:1: layout_roguey, enter_ziggurat_e, hellmouth_1,
          hangedman_abyss_or_decor_stagger, gammafunk_ghost_cemetery,
          serial_shops, shop_statue, serial_bayou_pond_b, slow_altar_2,
          serial_bayou_shore_b
Depths:2: evilmike_diamond_2, layout_cave_pools, abyss_entry,
          grunt_pan_entry_in_and_out, grunt_hell_entry_dis_grunt,
          minmay_misc_feat_cross, nicolae_wooded_promenade, nzn_life_drinkers,
          infiniplex_staircase_door_maze, uniq_sojobo
Depths:3: grunt_arcs, layout_honeycomb, abyss_entry_flame_altar, pf_coc_iceberg,
          chequers_serial_rivers_micro_b, minmay_shoptagon
Depths:4: grunt_zot_entry_alcove, layout_cave_pools,
          nicolae_qazlal_eye_of_the_storm, pf_hell_entry_tar_spiral,
          minmay_room_of_horrors
Zot:1:    layout_onion_interference, bh_zot_ikea_curve
Zot:2:    lemuel_firehouse, layout_cathedral_of_symmetry
Zot:3:    lemuel_halls_of_wrath, layout_cathedral_of_symmetry, st_stairs_4,
          zot_minivault_3, grunt_megastairs_1
Zot:4:    gammafunk_dig_for_victory, layout_misc_corridors
Zot:5:    layout_cathedral_of_symmetry
Pan:      evilmike_mini_pan_3x3, layout_onion_city, nicolae_pan_strange_glyphs
          [nicolae_pan_strange_glyph_fear, nicolae_pan_strange_glyph_rage,
          nicolae_pan_strange_glyph_angst], pan_surprise, rand_demon_2,
          layout_rooms, pan_blood_fountain_small, lom_lobon_grunt_wind_tunnels,
          layout_cellular_growth

Skill      XL: |  1  2  3  4  5  6  7  8  9 10 11 12 13 14 15 16 17 18 19 20 21 22 23 24 25 26 27 |
---------------+----------------------------------------------------------------------------------+-----
Stealth        | 10 11 12 13 14 15 16 17 18 19 21 | 21.6
Invocations    | 1 2 3 4 5 6 7 8 9 10 11 12 13 14 15 16 17 18 19 21 | 21.4
Short Blades   | 1 2 3 4 5 6 7 8 9 10 11 12 13 14 15 16 17 19 | 19.8
Axes           | 1 2 3 4 5 6 7 8 9 10 11 12 13 14 15 16 17 19 | 19.8
Maces & Flails | 1 2 3 4 5 6 7 8 9 10 11 12 13 14 15 16 17 19 | 19.8
Polearms       | 1 2 3 4 5 6 7 8 9 10 11 12 13 14 15 16 17 19 | 19.8
Staves         | 1 2 3 4 5 6 7 8 9 10 11 12 13 14 15 16 17 19 | 19.8
Slings         | 1 2 3 4 5 6 7 8 9 10 11 12 13 14 15 16 17 19 | 19.8
Bows           | 1 2 3 4 5 6 7 8 9 10 11 12 13 14 15 16 17 19 | 19.8
Crossbows      | 1 2 3 4 5 6 7 8 9 10 11 12 13 14 15 16 17 19 | 19.8
Throwing       | 1 2 3 4 5 6 7 8 9 10 11 12 13 14 15 16 17 19 | 19.8
Armour         | 1 2 3 4 5 6 7 8 9 10 11 12 13 14 15 16 17 19 | 19.8
Shields        | 1 2 3 4 5 6 7 8 9 10 11 12 13 14 15 16 17 19 | 19.8
Unarmed Combat | 1 2 3 4 5 6 7 8 9 10 11 12 13 14 15 16 17 19 | 19.8
Spellcasting   | 1 2 3 4 5 6 7 8 9 10 11 12 13 14 15 16 17 19 | 19.8
Evocations     | 1 2 3 4 5 6 7 8 9 10 11 12 13 14 15 16 17 19 | 19.8
Conjurations   | 1 2 3 4 5 6 7 8 9 10 11 12 13 14 15 16 | 16.9
Hexes          | 1 2 3 4 5 6 7 8 9 10 11 12 13 14 15 16 | 16.9
Summonings     | 1 2 3 4 5 6 7 8 9 10 11 12 13 14 15 16 | 16.9
Necromancy     | 1 2 3 4 5 6 7 8 9 10 11 12 13 14 15 16 | 16.9
Translocations | 1 2 3 4 5 6 7 8 9 10 11 12 13 14 15 16 | 16.9
Transmutations | 1 2 3 4 5 6 7 8 9 10 11 12 13 14 15 16 | 16.9
Fire Magic     | 1 2 3 4 5 6 7 8 9 10 11 12 13 14 15 16 | 16.9
Ice Magic      | 1 2 3 4 5 6 7 8 9 10 11 12 13 14 15 16 | 16.9
Air Magic      | 1 2 3 4 5 6 7 8 9 10 11 12 13 14 15 16 | 16.9
Earth Magic    | 1 2 3 4 5 6 7 8 9 10 11 12 13 14 15 16 | 16.9
Poison Magic   | 1 2 3 4 5 6 7 8 9 10 11 12 13 14 15 16 | 16.9
Long Blades    | 5 6 7 8 9 10 11 12 13 14 15 16 17 18 20 | 20.3
Dodging        | 5 6 7 8 9 10 11 12 13 14 15 16 17 18 20 | 20.3
Fighting       | 7 8 9 10 11 12 13 14 15 16 17 18 20 | 20.7

Action                   |  1- 3 |  4- 6 |  7- 9 | 10-12 | 13-15 | 16-18 | 19-21 | 22-24 | 25-27 || total
-------------------------+-------+-------+-------+-------+-------+-------+-------+-------+-------++-------
Melee: Falchion          |   105 |   149 |   471 |    29 |       |       |       |       |       ||   754
       Bite              |     8 |    21 |    84 |   171 |   169 |   153 |   323 |   467 |  1024 ||  2420
       Punch             |       |     2 |     8 |    31 |       |       |       |       |       ||    41
       Flail             |       |       |     7 |   864 |       |       |       |       |       ||   871
       Long sword        |       |       |       |    25 |       |       |       |       |       ||    25
       Morningstar       |       |       |       |   161 |   948 |     5 |       |       |       ||  1114
       Demon blade       |       |       |       |       |    92 |  1143 |  1676 |  2554 |  3876 ||  9341
       Scimitar          |       |       |       |       |       |       |   470 |       |       ||   470
       Eudemon blade     |       |       |       |       |       |       |       |       |  1140 ||  1140
Throw: Dart              |       |    13 |    26 |    65 |    19 |    13 |    17 |       |     2 ||   155
       Javelin           |       |       |       |     1 |     7 |    19 |       |       |    46 ||    73
 Cast: Olgreb's Toxic Ra |       |       |       |       |    11 |     1 |     7 |     2 |       ||    21
       Ignite Poison     |       |       |       |       |     8 |       |       |       |       ||     8
       Borgnjor's Vile C |       |       |       |       |       |       |     4 |       |       ||     4
       Manifold Assault  |       |       |       |       |       |       |       |       |     7 ||     7
       Iskenderun's Myst |       |       |       |       |       |       |       |       |     6 ||     6
       Blink             |       |       |       |       |       |       |       |       |     2 ||     2
       Portal Projectile |       |       |       |       |       |       |       |       |     2 ||     2
       Lesser Beckoning  |       |       |       |       |       |       |       |       |     2 ||     2
       Freezing Cloud    |       |       |       |       |       |       |       |       |     1 ||     1
Invok: Call Merchant     |       |       |       |       |       |     4 |       |       |     9 ||    13
       Cleansing Flame   |       |       |       |       |       |       |       |       |     3 ||     3
       Summon Divine War |       |       |       |       |       |       |       |       |     1 ||     1
Evoke: Wand              |       |       |     1 |    15 |     9 |     2 |     4 |     7 |     6 ||    44
       Lightning rod     |       |       |       |       |       |       |       |     2 |     8 ||    10
       Condenser vane    |       |       |       |       |       |       |       |     1 |     7 ||     8
       Phantom mirror    |       |       |       |       |       |       |       |       |     2 ||     2
  Use: Scroll            |       |       |    15 |    14 |     5 |     4 |     7 |    18 |    19 ||    82
       Potion            |       |       |     4 |     2 |     2 |     1 |     5 |     6 |     8 ||    28
 Stab: Sleeping          |     8 |    12 |    24 |    16 |    16 |    11 |    41 |    30 |    64 ||   222
       Distracted        |       |       |     3 |    14 |    23 |    18 |    36 |    46 |    83 ||   223
       Confused          |       |       |       |       |       |       |     1 |       |     1 ||     2
       Fleeing           |       |       |       |       |       |       |       |     1 |       ||     1
       Petrifying        |       |       |       |       |       |       |       |       |     3 ||     3
       Invisible         |       |       |       |       |       |       |       |       |     2 ||     2
Armor: Leather armour    |     1 |       |       |       |       |       |       |       |       ||     1
       Scale mail        |    27 |    13 |       |       |       |   317 |       |       |       ||   357
       Robe              |       |    22 |    89 |   311 |   205 |       |       |       |       ||   627
       Quicksilver drago |       |       |       |       |       |    49 |   452 |   142 |       ||   643
       Pearl dragon scal |       |       |       |       |       |       |       |   251 |  1212 ||  1463
Dodge: Dodged            |    59 |    99 |   422 |  1380 |  1128 |   902 |  1133 |   787 |  1859 ||  7769
Block: Buckler           |       |       |       |    40 |   457 |   750 |  1009 |       |       ||  2256
       Reflection        |       |       |       |       |       |    31 |    28 |    24 |    46 ||   129
       Kite shield       |       |       |       |       |       |       |   413 |  1552 |  4010 ||  5975

Table legend: (Time is in decaauts)
 A = Elapsed time spent in this place.
 B = Non-inter-level travel time spent in this place.
 C = Inter-level travel time spent in this place.
 D = Time resting spent in this place.
 E = Time spent auto-exploring this place.
 F = Levels seen in this place.
 G = Mean time per level.
                   A        B        C        D        E       F      G
               +--------+--------+--------+--------+--------+-----+--------+
         Total |  87419 |  78783 |   8636 |   2409 |  53976 |  77 | 1135.3 |
       Dungeon |  19017 |  16074 |   2943 |    404 |  11073 |  15 | 1267.8 |
        Temple |    314 |    255 |     59 |      0 |    240 |   1 |  314.0 |
          Lair |   9507 |   8461 |   1046 |    311 |   5386 |   6 | 1584.5 |
         Swamp |   4595 |   4456 |    139 |    325 |   3331 |   4 | 1148.8 |
   Spider Nest |   5752 |   5518 |    234 |     41 |   4161 |   4 | 1438.0 |
    Slime Pits |   2925 |   2722 |    203 |    356 |   1263 |   5 |  585.0 |
  Orcish Mines |   1589 |   1405 |    184 |      0 |    850 |   2 |  794.5 |
   Elven Halls |   3430 |   3263 |    167 |      0 |   2467 |   3 | 1143.3 |
        Vaults |  12385 |  11523 |    862 |    132 |   8916 |   5 | 2477.0 |
         Crypt |   3047 |   2789 |    258 |     21 |   1973 |   3 | 1015.7 |
        Depths |   9845 |   8499 |   1346 |    440 |   6320 |   4 | 2461.2 |
           Zot |   7317 |   6129 |   1188 |    164 |   4386 |   5 | 1463.4 |
         Abyss |   1549 |   1549 |      0 |     33 |    255 |  11 |  140.8 |
   Pandemonium |   1519 |   1519 |      0 |     30 |    849 |   3 |  506.3 |
         Trove |     84 |     84 |      0 |      0 |     52 |   1 |   84.0 |
       Ossuary |    306 |    306 |      0 |     29 |    110 |   1 |  306.0 |
        Bailey |    921 |    921 |      0 |      0 |    327 |   1 |  921.0 |
      Ice Cave |    639 |    639 |      0 |      0 |    349 |   1 |  639.0 |
        Wizlab |   1239 |   1239 |      0 |    118 |    734 |   1 | 1239.0 |
    Desolation |   1431 |   1431 |      0 |      3 |    930 |   1 | 1431.0 |
               +--------+--------+--------+--------+--------+-----+--------+

Top non-repeatable levels by time:
Depths:1: 3154 daAuts
Depths:2: 3091 daAuts
Vaults:2: 2943 daAuts
Vaults:1: 2629 daAuts
Spider:4: 2463 daAuts
Vaults:4: 2416 daAuts
Vaults:3: 2270 daAuts
Vaults:5: 2125 daAuts
  Lair:6: 2108 daAuts
   Zot:3: 2084 daAuts
   Zot:2: 2080 daAuts
     D:9: 2080 daAuts
    D:15: 2027 daAuts
Depths:3: 1982 daAuts
  Lair:1: 1882 daAuts
